 Dungeon Crawl Stone Soup version 0.30-a0-738-g116ff8c4af (webtiles) character file.

Game seed: 6317882473684215478

13513 epen the Prestidigitator (level 12, 0/92 HPs)
             Began as a Gnoll Artificer on Feb 3, 2023.
             Was an Elder of Cheibriados.
             Slain by a wyvern (8 damage)
             ... in a volcano.
             The game lasted 00:19:45 (11445 turns).

epen the Prestidigitator (Gnoll Artificer)         Turns: 11445, Time: 00:19:46

Health: 0/92       AC: 15    Str: 22    XL:     12   Next: 6%
Magic:  7/22       EV: 16    Int: 20    God:    Cheibriados [****..]
Gold:   643        SH:  0    Dex: 25    Spells: 21/25 levels left

rFire   + + .      SeeInvis +    q - +4 short sword (venom)
rCold   . . .      Faith    .    (no shield)
rNeg    . . .      Spirit   .    r - +1 scale mail of Okawaru's Benevolence {rF++}
rPois   .          Reflect  .    o - +0 helmet
rElec   .          Harm     .    (no cloak)
rCorr   .          Rampage  .    H - +1 pair of gloves
Will    .....                    j - +1 pair of boots
Stlth   +++                      J - amulet of magic regeneration
HPRegen 0.35/turn                F - ring of wizardry
MPRegen 0.58/turn                K - ring of see invisible

@: very slow
A: fangs 1, strong nose, distributed training
a: Renounce Religion, Bend Time, Temporal Distortion, Slouch


You were in a volcano.
You worshipped Cheibriados.
Cheibriados was greatly pleased with you.
You visited 3 branches of the dungeon, and saw 13 of its levels.
You also visited: Sewer, Ossuary and Volcano.

You collected 703 gold pieces.
You spent 60 gold pieces at shops.

Inventory:

Hand Weapons
 a - a +0 club
 i - a +2 whip of flaming
 q - a +4 short sword of venom (weapon)
 u - a +2 spear of venom
 z - a +5 falchion
Missiles
 s - 18 poisoned darts
 M - 4 throwing nets
Armour
 b - a +0 leather armour
 j - a +1 pair of boots (worn)
 o - a +0 helmet (worn)
 r - the +1 scale mail of Okawaru's Benevolence (worn) {rF++}
   (You took it off a hobgoblin on level 4 of the Dungeon)

   rF:        It greatly protects you from fire.
 w - +0 steam dragon scales
 H - a +1 pair of gloves (worn)
Jewellery
 F - a ring of wizardry (left hand)
 J - an amulet of magic regeneration (around neck)
 K - a ring of see invisible (right hand)
 N - a ring of magical power
 O - a +6 ring of intelligence
Wands
 c - a wand of digging (2) (quivered)
 d - a wand of charming (7)
 E - a wand of flame (13)
Scrolls
 g - 2 scrolls of noise
 h - 2 scrolls of amnesia
 l - 4 scrolls of fog
 n - 3 scrolls of identify
 y - 3 scrolls of fear
 C - 3 scrolls of enchant armour
 D - 4 scrolls of teleportation
 G - 2 scrolls of enchant weapon
 I - a scroll of blinking
Potions
 e - a potion of invisibility {unknown}
 f - 5 potions of curing
 k - 4 potions of resistance {unknown}
 m - 2 potions of heal wounds
 p - 3 potions of attraction
 t - 7 potions of flight
 v - a potion of lignification {unknown}
 x - 5 potions of might
 A - 5 potions of berserk rage
 B - a potion of mutation {unknown}
 L - a potion of cancellation {unknown}


   Skills:
 + Level 7.7 Fighting
 + Level 7.1 Short Blades
 + Level 7.1 Long Blades
 + Level 7.1 Axes
 + Level 7.1 Maces & Flails
 + Level 7.1 Polearms
 + Level 7.1 Staves
 + Level 7.1 Ranged Weapons
 + Level 7.1 Throwing
 + Level 8.6 Armour
 + Level 7.7 Dodging
 + Level 7.6 Stealth
 + Level 7.1 Shields
 + Level 7.1 Unarmed Combat
 + Level 7.1 Spellcasting
 + Level 5.9 Conjurations
 + Level 5.9 Hexes
 + Level 5.9 Summonings
 + Level 5.9 Necromancy
 + Level 5.9 Translocations
 + Level 5.9 Transmutations
 + Level 5.9 Fire Magic
 + Level 5.9 Ice Magic
 + Level 5.9 Air Magic
 + Level 5.9 Earth Magic
 + Level 5.9 Poison Magic
 + Level 7.8 Invocations
 + Level 9.8 Evocations


You had 21 spell levels left.
You knew the following spells:

 Your Spells              Type           Power      Damage    Failure   Level
a - Airstrike             Air            15%        2d(3-19)  8%          4

Your spell library contained the following spells:

 Spells                   Type           Power      Damage    Failure   Level
 Sandblast                Erth           62%        2d14      1%          1
 Shock                    Conj/Air       100%       1d9       1%          1
 Blink                    Tloc           62%        N/A       1%          2
 Ensorcelled Hibernation  Hex/Ice        62%        N/A       1%          2
 Lesser Beckoning         Tloc           62%        N/A       1%          2
 Momentum Strike          Conj/Tloc      62%        3d9       1%          2
 Passwall                 Tmut/Erth      25%        N/A       1%          2
 Sublimation of Blood     Necr           31%        N/A       1%          2
 Wereblood                Tmut           31%        N/A       1%          2
 Stone Arrow              Conj/Erth      62%        3d10      2%          3
 Swiftness                Air            31%        N/A       2%          3
 Passage of Golubria      Tloc           31%        N/A       8%          4
 Silence                  Hex/Air        15%        N/A       21%         5
 Summon Hydra             Summ           15%        N/A       99%         7
 Lehudib's Crystal Spear  Conj/Erth      15%        10d5      100%        8


Dungeon Overview and Level Annotations

Branches:
Dungeon (10/15)            Temple (1/1) D:4            Lair (2/5) D:8
  Sewer (visited)         Ossuary (visited)         Volcano (1/1)
  Swamp: Lair:2-3    Shoals: Lair:2-3     Snake: Lair:2-3    Spider: Lair:2-3
    Orc: D:9-12

Altars:
Ashenzari
Cheibriados
Dithmenos
Fedhas
Gozag
Hepliaklqana
Makhleb
Nemelex Xobeh
Ru
Sif Muna
Trog
Vehumet
Wu Jian
Xom
Zin
The Shining One

Shops:
D:3 ?   D:4 !

Annotations:
D:7 3 runed translucent doors, emiel's ghost, novice FoWn; rlgrobin's ghost, novice GnWn; wogdood's ghost, novice SpBr


Innate Abilities, Weirdness & Mutations

You have very sharp teeth.
Your uncanny sense of smell can sniff out nearby items.
Your experience applies equally to all skills.


Message History

The plant begins to die.
The salamander completely misses you.
You have reached level 12!
You feel clever.
Casting: Airstrike (dangerous; 8% risk of failure)
Confirm with . or Enter, or press ? or * to list all spells.
Aiming: Airstrike (dangerous; 8% risk of failure)
Press: ? - help, Dir - move target, f - salamander
Aim: a salamander, wielding a +0 halberd (black smoke, lava, severely wounded, empty space bonus: 7/8)
The air twists around and strikes the salamander!!
The salamander is almost dead.
The plant is engulfed in a cloud of scalding steam.
The salamander hits you but does no damage.
A wyvern comes into view.
Casting: Airstrike (dangerous; 8% risk of failure)
Confirm with . or Enter, or press ? or * to list all spells.
Aiming: Airstrike (dangerous; 8% risk of failure)
Press: ? - help, Dir - move target, f/p - salamander
Aim: a salamander, wielding a +0 halberd (lava, almost dead, empty space bonus: 6/8)
The air twists around and strikes the salamander!
You kill the salamander!
Cheibriados thoroughly appreciates the change of pace.
You hear a sizzling splash.
The wyvern hisses angrily.
You hear an angry hiss.
The wyvern misses you.
A komodo dragon comes into view.
A nearby plant withers and dies.
The wyvern bites you but does no damage.
The wyvern closely misses you.
A steam dragon comes into view.
The wyvern bites you.
* * * LOW HITPOINT WARNING * * *
The komodo dragon bites the plant!
The plant begins to die.
Things that are here:
+0 steam dragon scales; a steam dragon corpse You closely miss the wyvern.
The wyvern misses you. The wyvern attacks as you move away!
The wyvern bites you.
* * * LOW HITPOINT WARNING * * *
The wyvern closely misses you. The wyvern bites you!
* * * LOW HITPOINT WARNING * * *
The wyvern bites you!
You die...

°°≈≈♣♣ ♣♣≈≈≈♣.
≈≈≈≈♣♣♣♣♣♣§§○§≈P.
♣♣♣♣≈≈≈≈§≈≈§≈≈☼§≈.l
♣♣♣♣♣P.♣♣§§≈§≈§≈≈○°§D♣
.P)♣...P.§§♣≈≈○≈≈○§§§♣
....P♣...♣P♣♣§§§§§§§§♣
.♣......P...♣.P♣§≈≈§♣♣♣♣
P.P.♣♣♣..P♣..P..ll♣♣♣.P♣♣
♣..PP≈≈≈≈§♣P....@♣l.P...♣♣
...P≈≈§≈≈≈§§.....♣§...♣.P.
..P.≈≈§°≈≈≈§§≈.♣..§P..PP..
).P≈§≈≈♣♣♣♣≈≈§§§≈..§§....♣
†♣♣≈≈≈♣♣.P♣♣♣♣≈§§≈≈.♣§....
♣♣♣♣♣♣♣.P....♣♣♣♣≈≈≈≈≈P♣.P
...♣PP....P♣..♣P♣≈≈≈≈≈§§
..P......♣♣♣♣♣..♣♣≈○§§§≈§≈
♣♣♣♣P♣♣♣♣♣ ♣..P♣♣≈°≈°°≈≈


You could see 2 wyverns.

Vanquished Creatures
  3 salamanders (Volcano)
  2 black mambas
  A gargoyle (D:7)
  A cane toad (Lair:2)
  7 komodo dragons
  A rime drake (Lair:2)
  A troll (D:9)
  2 hornets (D:9)
  Sigmund (D:5)
  3 wyverns
  2 fire bats (Volcano)
  12 yaks
  A basilisk (Lair:1)
  5 steam dragons
  Edmund (D:4)
  2 water moccasins
  Duvessa (D:4)
  4 black bears
  3 ice beasts
  2 ogres
  3 orc warriors
  6 wolves (Lair:2)
  2 centaurs
  4 phantoms
  A kobold brigand (D:7)
  Blork the orc (D:5)
  6 bullfrogs
  7 scorpions
  A wight (D:9)
  Dowan (D:4)
  4 howler monkeys
  A human zombie (D:5)
  2 jellies
  5 orc priests
  4 hounds
  3 iguanas
  Natasha (thrice) (D:2)
  3 orc wizards
  Ijyb (D:4)
  8 mummies (Ossuary)
  4 gnolls (D:4)
  6 river rats
  13 adders
  3 shadow imps
  4 worms
  A dart slug (D:4)
  28 orcs
  7 ball pythons
  7 bats
  13 endoplasms
  6 giant cockroaches
  A gnoll zombie (Ossuary)
  9 goblins
  7 hobgoblins
  5 jackals (D:3)
  2 quokkas
  6 frilled lizards
  5 hobgoblin zombies (Ossuary)
  11 kobolds
  2 orc zombies (Ossuary)
  8 rats
269 creatures vanquished.

Vanquished Creatures (collateral kills)
  Harold (Lair:1)
  A wight (D:9)
2 creatures vanquished.

Vanquished Creatures (others)
  A yak (D:9)
  2 wights (D:9)
  10 fungi
  27 plants
  4 withered plants (D:7)
44 creatures vanquished.

Grand Total: 315 creatures vanquished

Notes
Turn   | Place    | Note
-------+----------+-------------------------------------------
     0 | D:1      | epen the Gnoll Artificer began the quest for the Orb.
     0 | D:1      | Reached XP level 1. HP: 17/17 MP: 1/1
   124 | D:1      | Reached XP level 2. HP: 21/23 MP: 2/2
   573 | D:1      | Reached XP level 3. HP: 25/28 MP: 3/3
   890 | D:2      | Noticed Natasha
   898 | D:2      | Killed Natasha
   899 | D:2      | Reached skill level 1 in Short Blades
   899 | D:2      | Reached skill level 1 in Long Blades
   899 | D:2      | Reached skill level 1 in Axes
   899 | D:2      | Reached skill level 1 in Maces & Flails
   899 | D:2      | Reached skill level 1 in Polearms
   899 | D:2      | Reached skill level 1 in Staves
   899 | D:2      | Reached skill level 1 in Ranged Weapons
   899 | D:2      | Reached skill level 1 in Throwing
   899 | D:2      | Reached skill level 1 in Shields
   899 | D:2      | Reached skill level 1 in Unarmed Combat
   899 | D:2      | Reached skill level 1 in Spellcasting
   899 | D:2      | Reached skill level 1 in Invocations
   899 | D:2      | Reached XP level 4. HP: 10/34 MP: 5/5
  1114 | D:2      | Noticed Natasha
  1119 | D:2      | Killed Natasha
  1120 | D:2      | Reached skill level 1 in Conjurations
  1120 | D:2      | Reached skill level 1 in Hexes
  1120 | D:2      | Reached skill level 1 in Summonings
  1120 | D:2      | Reached skill level 1 in Necromancy
  1120 | D:2      | Reached skill level 1 in Translocations
  1120 | D:2      | Reached skill level 1 in Transmutations
  1120 | D:2      | Reached skill level 1 in Fire Magic
  1120 | D:2      | Reached skill level 1 in Ice Magic
  1120 | D:2      | Reached skill level 1 in Air Magic
  1120 | D:2      | Reached skill level 1 in Earth Magic
  1120 | D:2      | Reached skill level 1 in Poison Magic
  1212 | D:2      | Noticed Natasha
  1219 | D:2      | Killed Natasha
  1486 | D:3      | Reached XP level 5. HP: 40/40 MP: 7/7
  1651 | D:3      | Found a shimmering blue altar of Sif Muna.
  1700 | D:3      | Found a faded altar of an unknown god.
  1812 | D:3      | Found Inyinuri's Magic Scroll Boutique.
  2241 | D:4      | Reached XP level 6. HP: 27/47 MP: 8/8
  2343 | D:4      | Reached skill level 5 in Armour
  2474 | D:4      | Found Duam Teu's Distillery.
  2476 | D:4      | Found a staircase to the Ecumenical Temple.
  2485 | Temple   | Entered the Ecumenical Temple
  2529 | Temple   | Became a worshipper of Cheibriados the Contemplative
  2556 | D:4      | Bought a potion of heal wounds for 60 gold pieces
  2560 | D:4      | Noticed Duvessa
  2562 | D:4      | Noticed Dowan
  2568 | D:4      | Killed Dowan
  2568 | D:4      | Killed Duvessa
  2569 | D:4      | Reached skill level 7 in Evocations
  2569 | D:4      | Reached XP level 7. HP: 52/52 MP: 10/10
  2797 | D:4      | Identified the +1 scale mail of Okawaru's Benevolence
                  | {rF++}
  2836 | D:4      | Noticed Ijyb
  2836 | D:4      | Noticed Edmund
  2853 | D:4      | Killed Ijyb
  2860 | D:4      | Killed Edmund
  3094 | D:4      | Reached * piety under Cheibriados
  3095 | D:4      | Reached XP level 8. HP: 53/60 MP: 12/12
  3134 | D:4      | Found a broken altar of Ashenzari.
  3138 | D:4      | Saw a vision of the Swamp and the Snake Pit.
  3138 | D:4      | Noticed a naga mage
  3138 | D:4      | Noticed a black mamba
  3138 | D:4      | Noticed a naga warrior
  3138 | D:4      | Noticed a naga mage
  3138 | D:4      | Noticed a black mamba
  3138 | D:4      | Noticed a black mamba
  3138 | D:4      | Noticed a guardian serpent
  3138 | D:4      | Noticed a ghost crab
  3138 | D:4      | Noticed a bog body
  3139 | D:4      | Noticed a goliath frog
  3713 | D:5      | Entered Level 5 of the Dungeon
  3811 | D:5      | Found a glowing drain.
  3819 | Sewer    | Entered a sewer
  3888 | Sewer    | Reached ** piety under Cheibriados
  4075 | Sewer    | Found a viscous altar of Jiyva.
  4249 | D:5      | Found a sand-covered staircase.
  4250 | D:5      | Found an opulent altar of Gozag.
  4272 | D:5      | Noticed Blork the orc
  4281 | D:5      | Killed Blork the orc
  4286 | Ossuary  | Entered an ossuary
  4362 | Ossuary  | HP: 2/61 [mummy (12)]
  4731 | D:5      | Reached *** piety under Cheibriados
  4831 | D:5      | Noticed Sigmund
  4842 | D:5      | Killed Sigmund
  4843 | D:5      | Reached XP level 9. HP: 57/66 MP: 14/14
  5010 | D:5      | Reached skill level 5 in Fighting
  5010 | D:5      | Reached skill level 5 in Dodging
  5104 | D:5      | Found a sacrificial altar of Ru.
  5298 | D:5      | Reached skill level 5 in Stealth
  5394 | D:6      | Reached skill level 8 in Evocations
  5515 | D:6      | Found a shadowy altar of Dithmenos.
  5615 | D:6      | Reached skill level 5 in Invocations
  6525 | D:7      | Reached **** piety under Cheibriados
  6713 | D:7      | Found a runed translucent gate.
  6714 | D:7      | Found a runed translucent gate.
  6715 | D:7      | Found a runed translucent gate.
  6786 | D:7      | Noticed a gargoyle
  6791 | D:7      | Killed a gargoyle
  6792 | D:7      | Reached skill level 5 in Short Blades
  6792 | D:7      | Reached skill level 5 in Long Blades
  6792 | D:7      | Reached skill level 5 in Axes
  6792 | D:7      | Reached skill level 5 in Maces & Flails
  6792 | D:7      | Reached skill level 5 in Polearms
  6792 | D:7      | Reached skill level 5 in Staves
  6792 | D:7      | Reached skill level 5 in Ranged Weapons
  6792 | D:7      | Reached skill level 5 in Throwing
  6792 | D:7      | Reached skill level 5 in Shields
  6792 | D:7      | Reached skill level 5 in Unarmed Combat
  6792 | D:7      | Reached skill level 5 in Spellcasting
  6792 | D:7      | Reached XP level 10. HP: 76/76 MP: 17/17
  6888 | D:7      | Noticed emiel's ghost (novice FoWn)
  6888 | D:7      | Noticed wogdood's ghost (novice SpBr)
  6888 | D:7      | Noticed rlgrobin's ghost (novice GnWn)
  7674 | D:8      | Found a shimmering altar of Xom.
  7726 | D:8      | Found a staircase to the Lair.
  7761 | D:8      | Found a glowing silver altar of Zin.
  7997 | D:8      | Reached ***** piety under Cheibriados
  8032 | D:8      | Found a flagged portal.
  8748 | D:9      | Found a burning altar of Makhleb.
  9267 | D:10     | Entered Level 10 of the Dungeon
  9495 | Lair:1   | Entered Level 1 of the Lair of Beasts
  9529 | Lair:1   | Reached skill level 9 in Evocations
  9537 | Lair:1   | Learned a level 4 spell: Airstrike
  9722 | Lair:1   | Reached skill level 5 in Conjurations
  9722 | Lair:1   | Reached skill level 5 in Hexes
  9722 | Lair:1   | Reached skill level 5 in Summonings
  9722 | Lair:1   | Reached skill level 5 in Necromancy
  9722 | Lair:1   | Reached skill level 5 in Translocations
  9722 | Lair:1   | Reached skill level 5 in Transmutations
  9722 | Lair:1   | Reached skill level 5 in Fire Magic
  9722 | Lair:1   | Reached skill level 5 in Ice Magic
  9722 | Lair:1   | Reached skill level 5 in Air Magic
  9722 | Lair:1   | Reached skill level 5 in Earth Magic
  9722 | Lair:1   | Reached skill level 5 in Poison Magic
  9787 | Lair:1   | Reached XP level 11. HP: 52/83 MP: 20/20
 10250 | Lair:1   | Noticed Harold
 10263 | Lair:1   | Killed Harold
 10293 | Lair:1   | HP: 4/83 [black mamba (4)]
 11076 | Lair:2   | Found a dark tunnel.
 11085 | Volcano  | Entered a volcano
 11276 | Volcano  | Noticed a salamander
 11284 | Volcano  | Killed a salamander
 11412 | Volcano  | Noticed a salamander
 11434 | Volcano  | Noticed a salamander
 11440 | Volcano  | Killed a salamander
 11441 | Volcano  | Reached XP level 12. HP: 25/91 MP: 12/22
 11445 | Volcano  | Slain by a wyvern

Illustrated notes

Levels and vault maps discovered:
D:1:      psy_arrival_fountain, layout_basic, hangedman_decor_lopped
D:2:      layout_rooms, serial_co_window_serial, co_window_corner_a,
          co_window_of_opportunity_a, co_window_paths_a,
          co_window_of_opportunity_a, co_window_paths_a,
          co_window_of_opportunity_b, co_window_paths_c, co_window_corner_cb,
          co_window_2corner, co_window_corner_b, co_window_paths_d,
          glass_columns_a, minivault_23, corexii_shack, uniq_natasha
D:3:      layout_loops_cross, nicolae_sif_muna_condensation,
          hellmonk_ecumenical_altar_blasted, serial_shops, shop
D:4:      layout_basic, grunt_ashenzari_visionary
          [grunt_ashenzari_visionary_swamp, grunt_ashenzari_visionary_snake],
          minmay_temple_entry_mini_moons, serial_shops, shop, minmay_quantized,
          uniq_duvessa, uniq_ijyb, uniq_edmund
D:5:      layout_basic, nicolae_ru_sacrificial_ziggurat,
          mainiacjoe_overflow_catwalk, lightli_sewer_entry_pipes,
          enter_ossuary_3, uniq_sigmund, uniq_blork_the_orc
D:6:      layout_basic, nicolae_dithmenos_through_a_glass_darkly
D:7:      layout_gridville, gammafunk_ghost_cemetery
D:8:      layout_basic, zin_academy, xom_butterflies,
          grunt_lair_entry_orc_guard_hut, enter_bailey_8
D:9:      layout_gridville, overflow_temple_1_default
D:10:     layout_basic, nicolae_overflow_hidden_temple,
          nicolae_qazlal_general_emergency, grunt_temple_overflow_open,
          kennysheep_orc_monster_closet_entryway
Temple:   nicolae_temple_bog_church
Lair:1:   layout_concentric_octagons, serial_bayou_shore_a, lemuel_fruit_tree,
          uniq_harold
Lair:2:   layout_loops_ring, lightli_volcano_entry_magma_tube,
          chequers_serial_rivers_micro_e, guppyfry_lair_drakes
Volcano:  pf_volcano_lost_world

Skill      XL: |  1  2  3  4  5  6  7  8  9 10 11 |
---------------+----------------------------------+-----
Short Blades   | 1 2 3 5 6 7 |  7.1
Long Blades    | 1 2 3 5 6 7 |  7.1
Axes           | 1 2 3 5 6 7 |  7.1
Maces & Flails | 1 2 3 5 6 7 |  7.1
Polearms       | 1 2 3 5 6 7 |  7.1
Staves         | 1 2 3 5 6 7 |  7.1
Ranged Weapons | 1 2 3 5 6 7 |  7.1
Throwing       | 1 2 3 5 6 7 |  7.1
Shields        | 1 2 3 5 6 7 |  7.1
Unarmed Combat | 1 2 3 5 6 7 |  7.1
Spellcasting   | 1 2 3 5 6 7 |  7.1
Invocations    | 1 2 3 4 5 6 7 |  7.8
Conjurations   | 1 2 3 4 5 |  5.9
Hexes          | 1 2 3 4 5 |  5.9
Summonings     | 1 2 3 4 5 |  5.9
Necromancy     | 1 2 3 4 5 |  5.9
Translocations | 1 2 3 4 5 |  5.9
Transmutations | 1 2 3 4 5 |  5.9
Fire Magic     | 1 2 3 4 5 |  5.9
Ice Magic      | 1 2 3 4 5 |  5.9
Air Magic      | 1 2 3 4 5 |  5.9
Earth Magic    | 1 2 3 4 5 |  5.9
Poison Magic   | 1 2 3 4 5 |  5.9
Fighting       | 3 4 5 6 7 |  7.7
Dodging        | 3 4 5 6 7 |  7.7
Stealth        | 3 4 5 6 7 |  7.6
Armour         | 5 6 7 8 |  8.6
Evocations     | 7 8 9 |  9.8

Action                     |  1- 3 |  4- 6 |  7- 9 | 10-12 || total
---------------------------+-------+-------+-------+-------++-------
  Melee: Club              |    19 |       |       |       ||    19
         Whip              |    59 |   102 |       |       ||   161
         Bite              |     9 |     9 |    47 |    65 ||   130
         Punch             |     2 |     1 |    15 |    30 ||    48
         Short sword       |       |       |   458 |   399 ||   857
         Falchion          |       |       |       |    14 ||    14
  Throw: Dart              |       |     5 |       |       ||     5
   Cast: Airstrike         |       |       |       |    15 ||    15
 Invoke: Slouch            |       |       |       |     6 ||     6
  Evoke: Wand              |     5 |     5 |    17 |     7 ||    34
    Use: Potion            |       |     1 |     2 |     4 ||     7
         Scroll            |       |    10 |     4 |     4 ||    18
   Stab: Sleeping          |     2 |     9 |     5 |     9 ||    25
         Distracted        |       |     1 |     1 |       ||     2
 Armour: Leather armour    |    28 |    43 |     5 |       ||    76
         Scale mail        |       |       |   181 |    22 ||   203
         Steam dragon scal |       |       |       |   111 ||   111
  Dodge: Dodged            |    40 |    52 |   232 |   381 ||   705

Table legend: (Time is in decaauts)
 A = Elapsed time spent in this place.
 B = Non-inter-level travel time spent in this place.
 C = Inter-level travel time spent in this place.
 D = Time resting spent in this place.
 E = Time spent auto-exploring this place.
 F = Levels seen in this place.
 G = Mean time per level.
                   A        B        C        D        E       F      G
               +--------+--------+--------+--------+--------+-----+--------+
         Total |  14861 |  14439 |    422 |   1735 |   9559 |  16 |  928.8 |
       Dungeon |  11282 |  10916 |    366 |   1066 |   7748 |  10 | 1128.2 |
        Temple |     68 |     47 |     21 |      0 |     35 |   1 |   68.0 |
          Lair |   2167 |   2133 |     34 |    301 |   1267 |   2 | 1083.5 |
         Sewer |    470 |    470 |      0 |      0 |    302 |   1 |  470.0 |
       Ossuary |    474 |    474 |      0 |    141 |    205 |   1 |  474.0 |
       Volcano |    397 |    397 |      0 |    227 |      0 |   1 |  397.0 |
               +--------+--------+--------+--------+--------+-----+--------+

Top non-repeatable levels by time:
     D:6: 1716 daAuts
     D:4: 1692 daAuts
     D:7: 1646 daAuts
  Lair:1: 1591 daAuts
     D:8: 1565 daAuts
     D:9: 1232 daAuts
     D:5: 1216 daAuts
     D:2: 768 daAuts
     D:1: 741 daAuts
     D:3: 698 daAuts
  Lair:2: 576 daAuts
 Ossuary: 474 daAuts
   Sewer: 470 daAuts
 Volcano: 397 daAuts
  Temple: 68 daAuts
